cohdb
Replays
Latest Replays
All Replays
Popular Replays
Top Player Replays
Match Explorer
How It Works
Community
CoH3 Stats
Reddit
Sign in to upload your games and track your stats! →
Sign in with Steam
vittoria dak
Match 46185455
Overview
Messages
Build Orders
End
Construct Infanterie Kompanie
MG 42 Machine Gun Team
Grenadier Squad
Grenadier Squad
Grenadier Squad
GrW 34 Mortar Team
Medical Bunker
Construct Panzergrenadier Kompanie
Construct Panzer Kompanie
Forward Retreat Point
Selects Breakthrough Battlegroup
Selects Assault Grenadiers
Selects 2.5-tonne Cargo Truck
Selects Smoke Bombing Run
Selects Incendiary Bombing Run
Panzer IV Medium Tank
Repair Bunker
2.5-tonne Cargo Truck
Panzer IV Medium Tank
Smoke Bombing Run
Panzer IV Medium Tank
Side Skirts
Incendiary Bombing Run
Panzer Officer Quarters
MG 42 Bunker
Panzer IV Medium Tank
Smoke Bombing Run
Repair Bunker
Panzer IV Medium Tank
Smoke Bombing Run
Incendiary Bombing Run
Panzer IV Medium Tank
Panzer IV Medium Tank
Rebecca Pie
DatHit666
foundU
mosfet830
波比Bobby
kokomomo
Dog Water
刹那芳华
0
0
Comments
sign in to comment!
No comments posted yet!